 Dungeon Crawl Stone Soup version 0.29.1-14-g9c671dbff4 (webtiles) character file.

Game seed: 13319811602897545464

69549 DemonSlayer the Thaumaturge (level 14, -5/98 HPs)
             Began as a Demonspawn Earth Elementalist on Feb 12, 2023.
             Was the Champion of Cheibriados.
             Slain by a minotaur (12 damage)
             ... on level 4 of the Lair of Beasts.
             The game lasted 01:19:47 (28359 turns).

DemonSlayer the Thaumaturge (DsEE)                 Turns: 28359, Time: 01:19:48

Health: -5/98      AC: 19    Str: 27    XL:     14   Next: 90%
Magic:  23/30      EV: 26    Int: 28    God:    Cheibriados [******]
Gold:   1273       SH:  0    Dex: 30    Spells: 4/37 levels left

rFire   . . .      SeeInvis +   j - +9 staff of Olgreb {rPois∞}
rCold   + + +      Faith    .   M - +3 buckler {rC+}
rNeg    . . .      Spirit   .   G - +1 robe of Quimyjia {Regen+ Int-3 Slay+6 SInv}
rPois   ∞          Reflect  .   R - +2 helmet
rElec   +          Harm     .   S - +2 cloak "Poocuus" {+Blink rElec rC+++ Dex-3}
rCorr   .          Rampage  .   B - +1 pair of gloves
Will    +....                   r - +0 pair of boots
Stlth   ++........              L - amulet of regeneration
HPRegen 1.86/turn               O - ring of protection from cold
MPRegen 0.22/turn               J - +4 ring of protection

@: confused, agile, ambrosia-drunk, studying Transmutations, very slow
A: yellow scales 2, demonic guardian 2, powered by pain 2, demonic touch 2,
talons 1, agile 1, wild magic 1, evolution 1
a: Renounce Religion, Evoke Blink, Evoke the Staff of Olgreb, Bend Time,
Temporal Distortion, Slouch, Step From Time


You were on level 4 of the Lair of Beasts.
You worshipped Cheibriados.
Cheibriados was exalted by your worship.
You visited 3 branches of the dungeon, and saw 16 of its levels.
You also visited: Sewer, Ossuary, Gauntlet and Ice Cave.

You collected 1493 gold pieces.
You spent 220 gold pieces at shops.

Inventory:

Hand Weapons
 a - the +1 great sword of Ignis's Approval {drain, rElec rPois rC+ Dex+2}
   (You found it on level 9 of the Dungeon)

   A truly terrible weapon, it drains the life of any living foe it strikes.
   Dex:       It affects your dexterity (+2).
   rC:        It protects you from cold.
   rElec:     It insulates you from electricity.
   rPois:     It protects you from poison.
 j - the +9 staff of Olgreb (weapon) {rPois∞}
   (You found it on level 7 of the Dungeon)

   If the wielder is skilled in Evocations, they can envenom those struck by it,
   dealing poison damage which bypasses armour.
   It enhances your poison magic.
   It grants immunity to poison.
   It can be activated via the 'a'bility menu to radiate toxic energy, with
   effectiveness depending on Evocations skill.
 w - the +6 flail of Trauma {vorpal, Fly rF+ Stlth+}
   (You took it off a minotaur in a Gauntlet)

   It inflicts extra damage upon your enemies.
   rF:        It protects you from fire.
   Fly:       It grants you flight.
   Stlth:     It makes you more stealthy.
 E - the +10 war axe of the Mushroom {vamp, Drain rElec rF+ Int+3}
   (You found it on level 5 of the Lair of Beasts)

   It occasionally heals its wielder for a portion of the damage dealt when it
   wounds a living foe.
   Int:       It affects your intelligence (+3).
   rF:        It protects you from fire.
   rElec:     It insulates you from electricity.
   Drain:     It drains your maximum health when unequipped.
Armour
 r - a +0 pair of boots (worn)
 B - a +1 pair of gloves (worn)
 F - a +7 crystal plate armour of cold resistance
 G - the +1 robe of Quimyjia (worn) {Regen+ Int-3 Slay+6 SInv}
   (You found it on level 4 of the Dungeon)

   Int:       It affects your intelligence (-3).
   Slay:      It affects your accuracy & damage with ranged weapons and melee
   (+6).
   SInv:      It lets you see invisible.
   Regen:     It increases your rate of health regeneration.
 K - a +0 kite shield of cold resistance
 M - a +3 buckler of cold resistance (worn)
 R - a +2 helmet (worn)
 S - the +2 cloak "Poocuus" (worn) {+Blink rElec rC+++ Dex-3}
   (You found it in a Gauntlet)

   Dex:       It affects your dexterity (-3).
   rC:        It renders you almost immune to cold.
   rElec:     It insulates you from electricity.
   +Blink:    It lets you blink.
Jewellery
 H - a ring of positive energy
 J - a +4 ring of protection (right hand)
 L - an amulet of regeneration (around neck)
 O - a ring of protection from cold (left hand)
 P - a ring of ice
Wands
 g - a wand of charming (9)
 i - a wand of digging (2)
 u - a wand of roots (7)
 y - a wand of mindburst (22)
 D - a wand of polymorph (1)
 Q - a wand of flame (24)
Scrolls
 d - a scroll of magic mapping
 e - 5 scrolls of vulnerability
 n - 3 scrolls of amnesia
 q - 9 scrolls of immolation
 s - a scroll of blinking
 v - a scroll of silence
 z - a scroll of torment
 N - a scroll of teleportation
Potions
 c - a potion of lignification {unknown}
 f - 3 potions of attraction
 h - 3 potions of mutation
 k - 2 potions of heal wounds
 l - 12 potions of curing
 m - a potion of brilliance
 o - 4 potions of resistance
 t - a potion of flight
 x - 2 potions of might
 A - 7 potions of ambrosia
Miscellaneous
 b - a box of beasts
 I - a phial of floods


   Skills:
 + Level 5.6 Fighting
 + Level 3.9(5.8) Maces & Flails
 + Level 6.6(7.1) Staves
 + Level 2.8 Armour
 + Level 9.1 Dodging
 + Level 5.1 Stealth
 + Level 6.9 Shields
 + Level 12.0 Spellcasting
 + Level 10.8 Conjurations
 + Level 2.0 Transmutations
 + Level 0.4 Fire Magic
 + Level 11.9 Earth Magic
 + Level 0.5 Poison Magic
 + Level 1.5 Evocations


You had 4 spell levels left.
You knew the following spells:

 Your Spells              Type           Power      Damage    Failure   Level
a - Sandblast             Erth           100%       2d20      1%          1
b - Stone Arrow           Conj/Erth      100%       3d13      1%          3
c - Petrify               Tmut/Erth      64%        N/A       4%          4
d - Passwall              Tmut/Erth      53%        N/A       1%          2
e - Ignite Poison         Fire/Tmut/Pois 43%        N/A       13%         3
f - Sticky Flame          Conj/Fire      58%        2d7       7%          4
g - Teleport Other        Tloc           21%        N/A       17%         3
h - Lightning Bolt        Conj/Air       28%        1d45      17%         5
i - Dispersal             Tloc           10%        N/A       100%        6
j - Blink                 Tloc           42%        N/A       10%         2

Your spell library contained the following spells:

 Spells                   Type           Power      Damage    Failure   Level
 Conjure Flame            Conj/Fire      58%        6-21      2%          3
 Beastly Appendage        Tmut           72%        N/A       3%          1
 Wereblood                Tmut           36%        N/A       4%          2
 Apportation              Tloc           42%        N/A       7%          1
 Necrotise                Necr           84%        1d8       7%          1
 Scorch                   Fire           48%        2d7       9%          2
 Spider Form              Tmut/Pois      46%        N/A       12%         3
 Gell's Gravitas          Tloc           21%        N/A       17%         3
 Lesser Beckoning         Tloc           21%        N/A       17%         3
 Vampiric Draining        Necr           21%        2d7       17%         3
 Airstrike                Air            10%        2d(2-18)  47%         4
 Summon Lightning Spire   Summ/Air       21%        N/A       47%         4
 Alistair's Intoxication  Tmut/Pois      30%        N/A       65%         5
 Agony                    Necr           21%        N/A       82%         5
 Manifold Assault         Tloc           21%        N/A       82%         5
 Eringya's Noxious Bog    Tmut/Pois      23%        N/A       99%         6
 Malign Gateway           Summ/Tloc      10%        N/A       100%        7
 Storm Form               Tmut/Air       14%        N/A       100%        7
 Ignition                 Fire           12%        3d6       100%        8


Dungeon Overview and Level Annotations

Branches:
Dungeon (10/15)            Temple (1/1) D:4            Lair (5/5) D:9
 Shoals (0/4) Lair:2        Snake (0/4) Lair:2        Slime (0/5) Lair:4
    Orc (0/2) D:9           Sewer (visited)         Ossuary (visited)
  IceCv (visited)         Gauntlet (visited)

Altars:
Ashenzari
Cheibriados
Dithmenos
Fedhas
Gozag
Hepliaklqana
Kikubaaqudgha
Makhleb
Nemelex Xobeh
Okawaru
Qazlal
Ru
Sif Muna
Trog
Uskayaw
Vehumet
Wu Jian
Xom
Yredelemnul
Jiyva
Lugonu

Shops:
D:2 !:   D:6 (

Portals:
Abyss: Lair:5

Annotations:
D:3 1 runed translucent door
D:7 1 runed translucent door
D:9 2 transporters, sigtrap's ghost, novice GnFi
Lair:4 croobank's ghost, journeyman DgIE


Innate Abilities, Weirdness & Mutations

You are mostly covered in yellow scales. (AC +3)
A demonic guardian rushes to your aid.
You sometimes gain power by taking damage.
Your touch may inflict irresistible damage on your foes.
You have sharp toenails.
You are agile. (Dex +4, Str/Int -1)
Your spells are a little harder to cast, but a little more powerful.
You have hidden genetic potential.


Message History

The komodo dragon closely misses your butterfly.
You block the minotaur's attack. x2
The komodo dragon bites your butterfly!!
Your butterfly dies!
Your butterfly disappears in a burst of colours!
The minotaur barely misses you. The minotaur closely misses you.
Croobank's ghost freezes you.
You are frozen.
You resist.
* * * LOW HITPOINT WARNING * * *
Unknown command.
Croobank's ghost wails, "You must not succeed where I failed!"
Croobank's ghost hits your butterfly. Croobank's ghost burns your butterfly.
Your butterfly dies!
Your butterfly disappears in a burst of colours!
Your rust devil hits croobank's ghost!
Croobank's ghost seems to be corroded for longer.
The komodo dragon barely misses your butterfly.
The minotaur misses you. The minotaur gores you!
* * * LOW HITPOINT WARNING * * *
You are confused.
You feel invigorated. The minotaur misses you.
The minotaur gores you but does no damage.
Croobank's ghost hits you!
* * * LOW HITPOINT WARNING * * *
Croobank's ghost burns you.
* * * LOW HITPOINT WARNING * * *
You hit the minotaur.
The minotaur is moderately wounded.
Your rust devil hits croobank's ghost!
Croobank's ghost seems to be corroded for longer.
The komodo dragon bites your butterfly!
Your butterfly dies!
Your butterfly disappears in a burst of colours!
Are you sure you want to stumble around while confused and next to your butterfly?
Okay, then.
Are you sure you want to stumble around while confused and next to your butterfly?
The minotaur attacks as you move away! The minotaur hits you!
* * * LOW HITPOINT WARNING * * *
The minotaur gores you!
You die...

###..............
##.b........##....
#..b........##.)..
####..........##.....
###.#.bbbb.b#.P###..... ###
#...b...b..##### #..... ##.##
###........## ##....
....######.#b.4Wb..b# #....
............b†.H@..## ### ###....
.........###''l###.####.###......
.........#....).b#.....###......)
..#......#.#..##.#......P........
.........#.#...#.#...P...........
.........#..##.###...#....[......
.........#.#...# #..#............
.........##.$=|.##...............
.........#W.#.#/.#...............


You could see a minotaur (ally target), a komodo dragon, croobank's ghost
(corroded, ally target) and a friendly rust devil (summoned).

Vanquished Creatures
  A frost giant (IceCv)
  A minotaur (Gauntlet)
  6 hydras
  Erica (Lair:1)
  A catoblepas (Lair:4)
  The ghost of Whoops the Basher, a journeyman GrFi of the Shining One (D:10)
  A two-headed ogre (D:8)
  2 thrashing horrors (Lair:5)
  7 death yaks
  An oklob plant (Lair:3)
  An ugly thing (Lair:5)
  2 wolf spiders
  22 elephants
  A moth of wrath (Gauntlet)
  2 large abominations (Lair:5)
  2 smoke demons (Lair:5)
  5 black mambas
  An ice statue (IceCv)
  A cane toad (shapeshifter) (Lair:5)
  2 torpor snails
  11 cane toads
  9 komodo dragons
  3 rime drakes
  A queen bee (D:10)
  An ancient zyme (Lair:5)
  18 polar bears
  A troll (D:10)
  A raiju (Gauntlet)
  A hornet (D:8)
  27 blink frogs
  Sigmund (D:2)
  A shadow (D:10)
  A spriggan (shapeshifter) (Lair:5)
  3 wyverns
  2 ynoxinuls (Lair:5)
  A hog (shapeshifter) (Lair:5)
  61 yaks
  5 redbacks
  7 basilisks
  10 small abominations (Lair:5)
  3 steam dragons
  A chaos spawn (Lair:5)
  An acid dragon (D:9)
  12 water moccasins
  3 black bears
  4 ice beasts
  3 orc warriors
  2 sky beasts
  34 wolves
  An ogre (D:5)
  5 centaurs
  A phantom (D:4)
  2 kobold brigands
  Blork the orc (D:5)
  4 bullfrogs
  11 scorpions
  12 wights
  The ghost of BallerZ the Trooper, a weakling MeAK of Lugonu (D:3)
  36 killer bees
  5 howler monkeys
  An electric eel (Lair:2)
  2 centaur zombies (Ossuary)
  2 gnoll boudas
  A jelly (D:6)
  9 orc priests
  Crazy Yiuf (D:2)
  4 hounds
  Jessica (D:2)
  3 iguanas
  7 orc wizards
  Natasha (thrice) (D:2)
  6 mummies (Ossuary)
  15 adders
  18 gnolls
  2 river rats
  3 shadow imps
  3 white imps
  5 worms
  2 dart slugs (D:1)
  43 orcs
  3 endoplasms
  4 giant cockroaches
  6 goblins
  4 hobgoblins
  6 jackals (D:1)
  17 kobolds
  5 quokkas
  8 ball pythons
  2 bats
  3 frilled lizards (Sewer)
  2 hobgoblin zombies (Ossuary)
  6 rats
565 creatures vanquished.

Vanquished Creatures (collateral kills)
  A boulder beetle (Lair:5)
  Urug (Lair:1)
  A thrashing horror (Lair:5)
  A soul eater (Gauntlet)
  2 elephants (Lair:5)
  A black mamba (Lair:3)
  A guardian serpent (Lair:5)
  A blink frog (Lair:5)
  A water moccasin (Lair:5)
  A bullfrog (Lair:3)
  3 killer bees (D:10)
  2 shadow imps (Gauntlet)
16 creatures vanquished.

Vanquished Creatures (others)
  A small abomination (Lair:5)
  A bush (Lair:5)
  A demonic plant (Gauntlet)
  34 fungi
  42 plants
  22 withered plants (Gauntlet)
101 creatures vanquished.

Grand Total: 682 creatures vanquished

Notes
Turn   | Place    | Note
-------+----------+-------------------------------------------
     0 | D:1      | DemonSlayer the Demonspawn Earth Elementalist began the
                  | quest for the Orb.
     0 | D:1      | Reached XP level 1. HP: 13/13 MP: 3/3
   126 | D:1      | Upgraded the game from 0.29.1-13-g9f3cf754e1 to
                  | 0.29.1-14-g9c671dbff4
   380 | D:1      | Gained mutation: You are partially covered in yellow
                  | scales. (AC +2) [demonic ancestry]
   380 | D:1      | Reached XP level 2. HP: 12/19 MP: 0/5
  1135 | D:2      | Gained mutation: Your touch may inflict minor irresistible
                  | damage on your foes. [demonic ancestry]
  1135 | D:2      | Reached XP level 3. HP: 24/24 MP: 2/6
  1616 | D:2      | Found a runed translucent door.
  1617 | D:2      | Noticed Crazy Yiuf
  1647 | D:2      | Noticed Sigmund
  1667 | D:2      | Learned a level 3 spell: Stone Arrow
  1736 | D:2      | Killed Sigmund
  1737 | D:2      | Reached skill level 1 in Armour
  1737 | D:2      | Reached skill level 3 in Spellcasting
  1737 | D:2      | Reached XP level 4. HP: 18/31 MP: 3/9
  1737 | D:2      | Reached XP level 5. HP: 21/36 MP: 3/10
  2095 | D:2      | Found Vapupp's Distillery.
  2098 | D:2      | Bought a potion of curing for 30 gold pieces
  2098 | D:2      | Bought a potion of heal wounds for 50 gold pieces
  2208 | D:2      | Noticed Jessica
  2210 | D:2      | Killed Jessica
  2276 | D:2      | Found a faded altar of an unknown god.
  2293 | D:2      | Noticed Natasha
  2299 | D:2      | Killed Natasha
  2300 | D:2      | Gained mutation: You sometimes gain a little power by
                  | taking damage. [demonic ancestry]
  2300 | D:2      | Reached XP level 6. HP: 36/42 MP: 5/11
  2528 | D:2      | Found Poykoas's Book Emporium.
  2622 | D:2      | Noticed Natasha
  2684 | D:2      | Killed Natasha
  2799 | D:2      | Noticed Natasha
  2806 | D:2      | Killed Natasha
  2897 | D:2      | Killed Crazy Yiuf
  3035 | D:3      | Reached skill level 4 in Spellcasting
  3038 | D:3      | Reached skill level 1 in Fighting
  3761 | D:3      | Found a runed translucent door.
  3764 | D:3      | Noticed BallerZ's ghost (weakling MeAK)
  3827 | D:3      | Identified the +3 great mace of the Penguin {chaos, rF+
                  | Dex+3}
  3869 | D:3      | Found a runed translucent door.
  3895 | D:3      | You fall into a shaft and drop 2 floors!
  3895 | D:5      | Entered Level 5 of the Dungeon
  4054 | D:5      | Noticed an ice beast
  4063 | D:5      | Killed an ice beast
  4064 | D:5      | Reached skill level 5 in Earth Magic
  4064 | D:5      | Reached XP level 7. HP: 15/48 MP: 6/13
  4146 | D:5      | Found a sand-covered staircase.
  4155 | Ossuary  | Entered an ossuary
  4166 | Ossuary  | Reached skill level 1 in Maces & Flails
  4865 | D:5      | Noticed Blork the orc
  4871 | D:5      | Killed Blork the orc
  4998 | D:5      | Found a shadowy altar of Dithmenos.
  5115 | D:5      | Found a hide-covered altar of Uskayaw.
  5505 | D:5      | Learned a level 4 spell: Petrify
  5508 | D:5      | Learned a level 2 spell: Passwall
  5512 | D:5      | Learned a level 3 spell: Ignite Poison
  5623 | D:6      | Reached skill level 5 in Spellcasting
  5627 | D:6      | Gained mutation: You sometimes gain power by taking damage.
                  | [demonic ancestry]
  5627 | D:6      | Reached XP level 8. HP: 56/56 MP: 4/15
  5684 | D:6      | Found a glowing drain.
  5693 | Sewer    | Entered a sewer
  6557 | D:6      | Found Kufan's Weapon Shoppe.
  6780 | D:6      | Reached skill level 1 in Conjurations
  7212 | D:6      | Learned a level 4 spell: Sticky Flame
  7304 | D:4      | Identified the +1 robe of Quimyjia {Regen+ Int-3 Slay+6
                  | SInv}
  7541 | D:2      | Bought a potion of heal wounds for 50 gold pieces
  7541 | D:2      | Bought a potion of curing for 30 gold pieces
  7541 | D:2      | Bought a potion of curing for 30 gold pieces
  7541 | D:2      | Bought a potion of curing for 30 gold pieces
  7967 | D:3      | Killed BallerZ's ghost
  9034 | D:4      | Reached skill level 6 in Spellcasting
  9200 | D:4      | Found a staircase to the Ecumenical Temple.
  9317 | Temple   | Entered the Ecumenical Temple
  9344 | Temple   | Became a worshipper of Cheibriados the Contemplative
  9733 | D:7      | Gained mutation: A weak demonic guardian rushes to your
                  | aid. [demonic ancestry]
  9733 | D:7      | Reached XP level 9. HP: 38/62 MP: 8/18
  9939 | D:7      | Reached * piety under Cheibriados
 10421 | D:7      | Found a runed translucent gate.
 10423 | D:7      | Found a runed translucent gate.
 10423 | D:7      | Found a runed translucent gate.
 10434 | D:7      | Found a runed translucent door.
 10441 | D:7      | Found the +9 staff of Olgreb {rPois∞}
 10446 | D:7      | Found a runed translucent door.
 10880 | D:7      | Reached skill level 7 in Spellcasting
 10882 | D:7      | Reached ** piety under Cheibriados
 11432 | D:8      | Gained mutation: You are mostly covered in yellow scales.
                  | (AC +3) [demonic ancestry]
 11432 | D:8      | Reached XP level 10. HP: 70/70 MP: 13/20
 11731 | D:8      | Reached skill level 5 in Conjurations
 11739 | D:8      | Reached skill level 1 in Staves
 11964 | D:8      | Noticed a two-headed ogre
 11968 | D:8      | Killed a two-headed ogre
 12054 | D:8      | Found a sacrificial altar of Ru.
 12058 | D:8      | Reached *** piety under Cheibriados
 12432 | D:9      | Identified the +1 great sword of Ignis's Approval {drain,
                  | rElec rPois rC+ Dex+2}
 12449 | D:9      | Found a broken altar of Ashenzari.
 12564 | D:9      | Noticed sigtrap's ghost (novice GnFi)
 12570 | D:9      | Found a transporter.
 12575 | D:9      | Found a transporter.
 13221 | D:9      | Found a staircase to the Orcish Mines.
 13260 | D:9      | Reached **** piety under Cheibriados
 13429 | D:9      | Found a staircase to the Lair.
 13486 | D:9      | Reached skill level 8 in Spellcasting
 13816 | D:10     | Entered Level 10 of the Dungeon
 13985 | D:10     | Found a hazy altar of Hepliaklqana.
 13988 | D:10     | Found a radiant altar of Vehumet.
 13993 | D:10     | Found a basalt altar of Yredelemnul.
 14210 | D:10     | Found a runed translucent door.
 14211 | D:10     | Noticed Whoops's ghost (journeyman GrFi)
 14352 | D:10     | Reached ***** piety under Cheibriados
 14364 | D:10     | Reached XP level 11. HP: 53/75 MP: 4/23
 14984 | D:10     | Killed Whoops's ghost
 15145 | Lair:1   | Entered Level 1 of the Lair of Beasts
 15152 | Lair:1   | Found a frozen archway.
 15161 | IceCv    | Entered an ice cave
 15786 | IceCv    | Noticed a death yak
 15786 | IceCv    | Noticed a death yak
 15797 | IceCv    | Noticed a death yak
 16084 | IceCv    | Reached skill level 5 in Dodging
 16370 | IceCv    | Reached skill level 9 in Spellcasting
 16537 | IceCv    | Learned a level 3 spell: Teleport Other
 16543 | IceCv    | Learned a level 5 spell: Lightning Bolt
 16605 | IceCv    | Reached ****** piety under Cheibriados
 17453 | IceCv    | Noticed a frost giant
 17453 | IceCv    | Noticed a death yak
 17456 | IceCv    | Noticed a death yak
 17535 | IceCv    | Reached XP level 12. HP: 84/84 MP: 2/25
 17762 | IceCv    | Killed a frost giant
 18002 | IceCv    | Reached skill level 1 in Transmutations
 18096 | IceCv    | Killed a death yak
 18122 | IceCv    | Killed a death yak
 19126 | Lair:1   | Reached skill level 1 in Evocations
 19396 | Lair:1   | Noticed Erica
 19405 | Lair:1   | Killed Erica
 19406 | Lair:1   | Reached skill level 10 in Spellcasting
 19406 | Lair:1   | Reached skill level 10 in Earth Magic
 19555 | Lair:1   | Reached skill level 1 in Shields
 19781 | Lair:1   | Noticed Urug
 19814 | Lair:2   | Found a staircase to the Snake Pit.
 21046 | Lair:2   | Found a staircase to the Shoals.
 21253 | Lair:2   | Learned a level 6 spell: Dispersal
 21326 | Lair:3   | Gained mutation: A demonic guardian rushes to your aid.
                  | [demonic ancestry]
 21326 | Lair:3   | Reached XP level 13. HP: 57/90 MP: 3/27
 21368 | Lair:3   | Found a gate leading to a gauntlet.
 21383 | Gauntlet | Entered a Gauntlet
 21383 | Gauntlet | Found a transporter.
 21383 | Gauntlet | Found a transporter.
 21493 | Gauntlet | Found a transporter.
 21506 | Gauntlet | Found a transporter.
 21524 | Gauntlet | Found a transporter.
 21524 | Gauntlet | Found a transporter.
 21524 | Gauntlet | Found a transporter.
 21526 | Gauntlet | Found a transporter.
 21526 | Gauntlet | Found a transporter.
 21536 | Gauntlet | Noticed a cacodemon
 21538 | Gauntlet | Found a transporter.
 21554 | Gauntlet | Found a transporter.
 21564 | Gauntlet | Found a transporter.
 21569 | Gauntlet | Found a transporter.
 21603 | Gauntlet | Found a transporter.
 21603 | Gauntlet | Found the +15 Maxwell's patent armour {-Cast -Tele rElec
                  | Will+ rCorr}
 21647 | Gauntlet | Reached skill level 5 in Staves
 21929 | Gauntlet | Reached skill level 5 in Stealth
 22050 | Gauntlet | Identified the amulet "Fodd" {Faith Dex+3}
 22078 | Gauntlet | Identified the +6 flail of Trauma {vorpal, Fly rF+ Stlth+}
 22078 | Gauntlet | Noticed a minotaur
 22086 | Gauntlet | Killed a minotaur
 22197 | Gauntlet | Identified the +2 cloak "Poocuus" {+Blink rElec rC+++
                  | Dex-3}
 22215 | Gauntlet | Identified the +4 war axe "Naffos" {speed, rC+ Int+3}
 22215 | Gauntlet | Identified the +0 ring mail of Tioci Pust {rElec SInv
                  | Stlth+}
 22595 | Lair:3   | Got the Book of Incandescent Wanderlust
 23505 | Lair:3   | Learned a level 2 spell: Blink
 23805 | Lair:4   | Identified the +4 war axe of Pazabigg {vorpal, Stlth+}
 23814 | Lair:4   | Reached skill level 11 in Spellcasting
 23953 | Lair:4   | Identified the +3 war axe of Coez {freeze, Dex+3}
 24149 | Lair:4   | Found a runed translucent gate.
 24150 | Lair:4   | Found a runed translucent gate.
 24152 | Lair:4   | Found a runed translucent gate.
 24365 | Lair:4   | Reached skill level 10 in Conjurations
 24670 | Lair:4   | Found a staircase to the Slime Pits.
 24670 | Lair:4   | Found a viscous altar of Jiyva.
 24673 | Lair:4   | Noticed croobank's ghost (journeyman DgIE)
 24713 | Lair:4   | Noticed a minotaur
 24926 | Lair:1   | Gained mutation: Your spells are a little harder to cast,
                  | but a little more powerful. [potion of mutation]
 24926 | Lair:1   | Gained mutation: You have sharp toenails. [potion of
                  | mutation]
 24926 | Lair:1   | Gained mutation: You have hidden genetic potential. [potion
                  | of mutation]
 24939 | Lair:1   | Killed Urug
 25057 | Lair:1   | Identified the +1 leather armour "Ubeull" {rElec rCorr
                  | Str+3 Dex-5}
 25476 | Lair:5   | Entered Level 5 of the Lair of Beasts
 25492 | Lair:5   | Reached skill level 5 in Fighting
 25809 | Lair:5   | Reached skill level 5 in Shields
 25809 | Lair:5   | Gained mutation: Your touch may inflict irresistible damage
                  | on your foes. [demonic ancestry]
 25809 | Lair:5   | Reached XP level 14. HP: 50/98 MP: 15/29
 25879 | Lair:5   | Found the +3 pair of seven-league boots {Rampage+∞}
 26954 | Lair:5   | Gained mutation: You are agile. (Dex +4, Str/Int -1)
                  | [hidden potential]
 27223 | Lair:5   | Reached skill level 12 in Spellcasting
 27456 | Lair:5   | Found a corrupted altar of Lugonu.
 27456 | Lair:5   | Found a one-way gate to the infinite horrors of the Abyss.
 27462 | Lair:5   | Got Sif Muna's Incunabulum of the Spider and the Tesseract
 27473 | Lair:5   | Identified the +10 war axe of the Mushroom {vamp, Drain
                  | rElec rF+ Int+3}
 28359 | Lair:4   | Slain by a minotaur

Illustrated notes

Levels and vault maps discovered:
D:1:      elethiomel_arrival_shortcut, layout_basic
D:2:      layout_basic, serial_shops, nicolae_shop_behind_doors,
          nicolae_shop_behind_doors, shapermc_ecumenical_altar_rom_forum,
          minmay_misc_feat_ornament, amcnicky_mini_rare_corridor_liquid,
          amcnicky_mini_corridor_feature, uniq_sigmund, uniq_natasha,
          uniq_crazy_yiuf_cottage, uniq_jessica
D:3:      layout_loops_ring, mainiacjoe_overflow_concentric_impassable,
          ebering_ghost_sewer_f
D:4:      layout_gridville, minmay_temple_entry_gardened_gates,
          minmay_misc_feat_plants
D:5:      layout_gridville, lemuel_coloured_pillars_altar,
          mainiacjoe_overflow_alcove_1, nicolae_ossuary_entry_ruins,
          kennysheep_opposing_triangles, uniq_blork_the_orc
D:6:      layout_loops_ring, gup_sewer_entry_pipe, serial_shops,
          nicolae_shop_bloodbath_and_beyond
D:7:      layout_basic, hangedman_decor_growths,
          minmay_guarded_unrand_staff_of_olgreb
D:8:      layout_loops_ring, nicolae_ru_awakened_eye
D:9:      layout_roguey, evilmike_ruin_ashenzari, lair_entry_dummy,
          hiddenorc1_lemuel, gammafunk_ghost_hive
D:10:     layout_rooms, grunt_temple_overflow_diamond, special_room
          [special_room_bee], gammafunk_ghost_grave
Temple:   nicolae_temple_great_sept
Lair:1:   layout_loops_ring, portal_ice_cave_entry_pillars_2,
          grunt_megastairs_5, infiniplex_staircase_pool, uniq_urug, uniq_erica
Lair:2:   layout_chaotic_city, elwin_shoals_entry_rooms, dummy_snake_entry,
          grunt_forest_small_clearing_treed
Lair:3:   layout_chaotic_city, gauntlet_entry_generic
Lair:4:   layout_hall_layers, slime_entry_1, maelrawn_ghost_gauntlet_escape,
          minivault_24, lemuel_fruit_fields, serial_bayou_shore_b
Lair:5:   hellmonk_lair_end_abyssal_woods, layout_regular_city,
          columned_hall_lemuel, hellmonk_guarded_unrand_seven_league_boots,
          lemuel_fruit_tree

Skill      XL: |  1  2  3  4  5  6  7  8  9 10 11 12 13 14 |
---------------+-------------------------------------------+-----
Earth Magic    | 3 4 5 6 7 8 9 10 11 | 11.9
Dodging        | 2 3 4 5 6 7 9 |  9.1
Armour         | 1 2 |  2.8
Spellcasting   | 3 4 5 6 7 8 9 10 11 12 | 12.0
Stealth        | 2 3 4 5 |  5.1
Fighting       | 1 2 3 4 5 |  5.6
Maces & Flails | 1 3 |  3.9
Conjurations   | 2 4 6 7 9 10 | 10.8
Staves         | 2 4 5 6 |  6.6
Transmutations | 1 2 |  2.0
Evocations     | 1 |  1.5
Shields        | 3 5 6 |  6.9
Fire Magic     | |  0.4
Poison Magic   | |  0.5

Action                   |  1- 3 |  4- 6 |  7- 9 | 10-12 | 13-15 || total
-------------------------+-------+-------+-------+-------+-------++-------
Melee: Unarmed           |     1 |       |       |       |       ||     1
       Mace              |       |     8 |    37 |       |       ||    45
       Touch             |       |     2 |     5 |    30 |       ||    37
       Great mace        |       |     1 |    51 |       |       ||    52
       Staff             |       |       |     7 |   219 |   336 ||   562
       Punch             |       |       |     1 |     4 |       ||     5
 Cast: Sandblast         |    55 |    44 |    82 |       |       ||   181
       Stone Arrow       |       |       |   131 |   311 |   301 ||   743
       Petrify           |       |       |       |     2 |     1 ||     3
       Ignite Poison     |       |       |       |     1 |     2 ||     3
       Sticky Flame      |       |       |       |     1 |       ||     1
Evoke: Wand              |       |       |       |    12 |     1 ||    13
  Use: Scroll            |     4 |     4 |    20 |    22 |    14 ||    64
       Potion            |     2 |       |     5 |     1 |     9 ||    17
 Stab: Distracted        |       |       |       |     1 |       ||     1
Armor: Leather armour    |     3 |     8 |    53 |       |       ||    64
       Robe              |       |       |    33 |   213 |   187 ||   433
Dodge: Dodged            |    17 |    14 |   181 |   511 |   504 ||  1227
Block: Buckler           |       |       |       |   108 |   495 ||   603
       Reflection        |       |       |       |       |     1 ||     1
